AoeStats
← Links5165

Black Forest

509157989Analyzed
4v4 RM · 6d ago on Sep 25, 2026· 56m 48s· 8 players
Game mode
Random Map
Map size
Large (8 player)
Population
200
Speed
Normal
Resources
Standard
Victory
Conquest
Starting age
Dark Age
Ending age
Imperial Age
RankedLock teamsTeams togetherTeam positionsShared explorationLock speedFull tech treeHidden civsTurbo modeCheats
Victory
Defeat
🇦🇷 Goths · Argentina
852
+13
🇬🇧 Britons · United Kingdom
832
+14
🇨🇦 Berbers · Canada
812
+14
🇺🇸 Huns · United States
715
+18
🇬🇧 Persians · United Kingdom
831
-17
🇺🇸 Burgundians · United States
766
-14
🇬🇧 Franks · United Kingdom
759
-14
🇫🇷 Byzantines · France
753
-14
RoadinHR2019
10:54 Feudal Age
13:48 Double-Bit Axe
16:02 Wheelbarrow
24:06 Castle Age
22:11 Stone Mining
36:33 Fortified Wall
39:39 Fletching
42:53 Imperial Age
41:34 Ballistics
42:21 Bodkin Arrow
iKalakamalaka
7:14 Wheelbarrow
6:27 Loom
11:10 Horse Collar
11:18 Double-Bit Axe
16:27 Feudal Age
18:21 Gold Mining
18:50 Hand Cart
18:21 Town Watch
18:53 Bow Saw
18:45 Heavy Plow
19:00 Stone Mining
19:46 Gold Shaft Mining
21:26 Stone Shaft Mining
22:22 Arson
30:11 Castle Age
28:46 Arson
30:56 Town Patrol
32:14 Squires
31:35 Pikeman
37:27 Husbandry
39:19 Crop Rotation
39:52 Two-Man Saw
39:40 Fortified Wall
39:52 Ballistics
39:13 Treadmill Crane
39:48 Masonry
40:59 Guilds
40:50 Caravan
41:37 Forging
41:33 Scale Barding Armor
42:02 Burgundian Vineyards
42:02 Cavalier
46:23 Murder Holes
46:50 Ballistics
Clockwise Haggis
2:49 Loom
13:45 Feudal Age
14:04 Horse Collar
14:11 Double-Bit Axe
18:45 Castle Age
24:51 Wheelbarrow
24:35 Town Watch
27:08 Heavy Plow
28:11 Hand Cart
28:24 Town Patrol
28:55 Scale Barding Armor
33:33 Imperial Age
31:56 Chain Barding Armor
31:47 Forging
33:24 Scale Mail Armor
33:24 Padded Archer Armor
33:15 Fletching
34:13 Conscription
34:29 Hoardings
34:45 Murder Holes
35:01 Masonry
35:52 Chemistry
35:39 Crop Rotation
35:32 Bow Saw
36:18 Guilds
35:36 Crossbowman
36:22 Thumb Ring
36:30 Kamandaran
36:17 Pikeman
36:57 Squires
38:15 Ballistics
38:25 Architecture
38:49 Cavalier
39:30 Husbandry
39:40 Bloodlines
38:50 Light Cavalry
39:23 Elite War Elephant
40:11 Halberdier
41:56 Elite Skirmisher
43:38 Two-Man Saw
43:38 Plate Barding Armor
43:18 Chain Mail Armor
43:38 Iron Casting
42:59 Bodkin Arrow
44:39 Caravan
45:32 Citadels
Ben
0:49 Loom
15:00 Feudal Age
17:17 Double-Bit Axe
21:37 Wheelbarrow
25:26 Forging
25:16 Scale Mail Armor
25:22 Scale Barding Armor
28:44 Castle Age
29:48 Light Cavalry
31:45 Hand Cart
32:00 Bow Saw
35:49 Man-at-Arms
36:14 Gambesons
36:30 Squires
36:17 Arson
38:10 Fletching
38:20 Padded Archer Armor
38:57 Iron Casting
38:45 Murder Holes
40:33 Gold Mining
41:35 Stone Mining
42:25 Fortified Wall
42:37 Ballistics
42:16 Guard Tower
42:15 Long Swordsman
44:13 Pikeman
Coffee Bean
10:37 Feudal Age
11:15 Double-Bit Axe
11:22 Horse Collar
16:41 Castle Age
19:12 Wheelbarrow
18:39 Heavy Plow
18:33 Stone Mining
22:49 Gold Mining
24:27 Coinage
28:14 Gold Shaft Mining
28:17 Stone Shaft Mining
28:08 Bow Saw
32:09 Imperial Age
29:28 Treadmill Crane
31:18 Caravan
32:56 Hand Cart
32:29 Loom
34:30 Banking
34:10 Guilds
35:02 Conscription
36:06 Thumb Ring
36:15 Fletching
36:25 Padded Archer Armor
36:38 Kasbah
37:02 Bodkin Arrow
37:46 Ballistics
38:27 Chemistry
38:14 Bloodlines
38:04 Husbandry
37:43 Elite Genitour
41:03 Hoardings
41:53 Bracer
42:08 Leather Archer Armor
42:08 Masonry
44:38 Ring Archer Armor
48:24 Town Watch
49:11 Crop Rotation
48:33 Heated Shot
48:53 Fortified Wall
48:34 Guard Tower
48:50 Siphons
49:05 Shipwright
48:56 Clinker Construction
48:41 Murder Holes
48:58 Careening
48:33 Arrowslits
48:54 Siege Engineers
49:23 Illumination
48:58 Atonement
49:09 Fervor
49:11 Redemption
49:02 Devotion
49:20 Forging
49:10 Scale Mail Armor
49:16 Scale Barding Armor
49:14 Town Patrol
49:07 Elite Skirmisher
49:08 Crossbowman
50:40 Iron Casting
51:03 Chain Mail Armor
51:27 Theocracy
50:48 Herbal Medicine
50:36 Heavy Cavalry Archer
51:41 Maghrebi Camels
52:23 Chain Barding Armor
51:27 Elite Camel Archer
52:18 Heavy Scorpion
52:20 Capped Ram
53:34 Carvel Hull
53:37 Faith
54:25 Blast Furnace
52:56 Light Cavalry
52:56 Cavalier
53:34 Hussar
53:35 Heavy Camel Rider
54:24 Squires
53:44 Pikeman
54:10 Arson
53:46 Man-at-Arms
54:32 Onager
55:49 Faith
55:59 Dry Dock
56:52 Plate Mail Armor
56:57 Plate Barding Armor
56:09 Long Swordsman
Dr_foul
14:22 Feudal Age
16:44 Double-Bit Axe
26:22 Castle Age
24:38 Stone Mining
24:41 Gold Mining
26:07 Fletching
30:06 Bow Saw
30:43 Scale Barding Armor
30:56 Caravan
32:07 Forging
34:22 Wheelbarrow
33:41 Horse Collar
34:58 Heavy Plow
36:53 Hand Cart
36:46 Pikeman
37:28 Squires
38:12 Scale Mail Armor
42:23 Imperial Age
42:17 Marauders
43:33 Conscription
42:38 Halberdier
43:58 Iron Casting
43:44 Chain Barding Armor
43:42 Chain Mail Armor
44:08 Gold Shaft Mining
44:10 Husbandry
43:47 Elite Tarkan
44:52 Bloodlines
46:54 Blast Furnace
49:55 Chain Barding Armor
50:16 Arson
57:24 Plate Barding Armor
Nano
8:07 Loom
10:26 Feudal Age
11:43 Wheelbarrow
11:11 Double-Bit Axe
16:13 Gold Mining
18:55 Castle Age
18:12 Horse Collar
18:25 Stone Mining
28:14 Crossbowman
29:55 Heavy Plow
30:57 Bow Saw
32:05 Hand Cart
37:52 Imperial Age
36:51 Fervor
37:23 Fletching
37:34 Padded Archer Armor
38:33 Arbalester
39:36 Leather Archer Armor
39:16 Bodkin Arrow
41:03 Elite Longbowman
43:22 Bracer
43:53 Ring Archer Armor
45:55 Chemistry
45:16 Ballistics
45:44 Yeomen
45:49 Caravan
47:50 Masonry
47:46 Siege Engineers
48:19 Sanctity
48:38 Warwolf
49:17 Hoardings
50:16 Conscription
51:13 Spies/Treason
53:45 Architecture
53:11 Murder Holes
53:29 Fortified Wall
52:56 Sappers
Links5165
0:38 Loom
11:03 Feudal Age
14:54 Castle Age
13:29 Double-Bit Axe
14:52 Stone Mining
14:57 Horse Collar
16:24 Wheelbarrow
17:57 Gold Mining
19:44 Heavy Plow
23:42 Scale Mail Armor
26:39 Hand Cart
29:30 Imperial Age
29:36 Imperial Age
30:41 Chain Mail Armor
32:08 Forging
32:12 Bow Saw
32:01 Pikeman
32:42 Squires
32:40 Murder Holes
33:24 Stone Shaft Mining
32:54 Halberdier
33:46 Perfusion
34:07 Conscription
34:11 Padded Archer Armor
37:11 Chemistry
37:38 Caravan
37:49 Guilds
38:54 Two-Man Saw
38:06 Onager
38:28 Elite Huskarl
40:31 Iron Casting
40:18 Anarchy
41:10 Crop Rotation
45:48 Blast Furnace
49:56 Capped Ram
53:27 Spies/Treason
Connection lost

Rejoining the realm…

Still unreachable

The connection could not be restored.

Session expired

The server has moved on; the page needs a fresh start.